AoeStats
← Pendergast

Black Forest

509027949Analyzed
3v3 RM · 6d ago on Sep 25, 2026· 40m 14s· 6 players
Game mode
Random Map
Map size
Normal (6 player)
Population
200
Speed
Normal
Resources
Standard
Victory
Conquest
Starting age
Dark Age
Ending age
Imperial Age
RankedLock teamsTeams togetherTeam positionsShared explorationLock speedFull tech treeHidden civsTurbo modeCheats
Victory
Defeat
🇵🇪 Saracens · Peru
857
+15
🇵🇪 Britons · Peru
857
+15
🇵🇪 Persians · Peru
856
+15
🇦🇷 Persians · Argentina
896
-17
🇦🇷 Khmer · Argentina
892
-17
🇦🇷 Chinese · Argentina
734
-11
Guanero239691
12:44 Feudal Age
14:24 Wheelbarrow
17:09 Fishing Lines
23:12 Castle Age
21:30 Scale Mail Armor
22:34 Double-Bit Axe
24:49 Forging
25:39 Hand Cart
26:16 Chain Mail Armor
26:58 Elite Skirmisher
30:33 Iron Casting
29:54 Gold Mining
30:38 Caravan
30:31 Horse Collar
31:06 Bow Saw
32:45 Gold Shaft Mining
32:42 Heavy Plow
33:17 Stone Mining
36:32 Town Watch
37:10 Ballistics
37:16 Town Patrol
37:58 Stone Shaft Mining
37:21 Gillnets
Elvegetal777852
6:37 Loom
11:22 Feudal Age
15:17 Wheelbarrow
14:27 Horse Collar
18:02 Castle Age
15:56 Double-Bit Axe
22:19 Gold Mining
22:50 Forging
23:20 Fishing Lines
25:13 Scale Barding Armor
25:47 Bow Saw
26:45 Ballistics
31:24 Imperial Age
30:45 Gold Shaft Mining
31:27 Hand Cart
33:22 Siege Engineers
34:18 Chemistry
35:38 Pikeman
36:33 Forging
36:24 Scale Mail Armor
35:58 Heavy Scorpion
36:43 Halberdier
38:02 Iron Casting
picanazomaster7
8:59 Loom
11:41 Feudal Age
19:01 Castle Age
18:16 Horse Collar
18:24 Double-Bit Axe
18:34 Stone Mining
18:36 Gold Mining
23:14 Wheelbarrow
34:05 Imperial Age
31:53 Hand Cart
31:26 Town Watch
31:46 Heavy Plow
32:02 Bow Saw
32:27 Ballistics
32:04 Murder Holes
32:48 Masonry
34:12 Forging
34:03 Scale Mail Armor
34:04 Padded Archer Armor
33:54 Fletching
34:10 Scale Barding Armor
34:49 Town Patrol
35:18 Conscription
35:35 Hoardings
38:51 Chemistry
37:20 Elite War Elephant
38:14 Citadels
38:12 Kamandaran
38:00 Elite Skirmisher
38:46 Thumb Ring
Quepex
0:27 Loom
12:35 Feudal Age
13:03 Double-Bit Axe
14:40 Wheelbarrow
13:59 Horse Collar
15:55 Wheelbarrow
17:10 Gold Mining
23:14 Castle Age
21:06 Fishing Lines
22:09 Stone Mining
24:06 Bow Saw
26:31 Gillnets
29:36 Heavy Plow
31:35 Hand Cart
35:30 Imperial Age
35:07 Gold Shaft Mining
36:12 Warwolf
36:05 Cranequins
38:01 Heavy Mounted Crossbowman
38:01 Elite Skirmisher
38:02 Crossbowman
arzet!!!
0:41 Loom
12:22 Feudal Age
12:44 Fishing Lines
14:05 Horse Collar
16:37 Double-Bit Axe
21:48 Castle Age
22:17 Stone Mining
22:20 Gold Mining
24:09 Gold Shaft Mining
24:14 Bow Saw
26:05 Stone Shaft Mining
27:42 Gillnets
28:07 Heavy Plow
28:19 Scale Barding Armor
28:28 Forging
33:23 Iron Casting
33:09 Chain Barding Armor
36:58 Imperial Age
35:46 Wheelbarrow
34:58 Town Watch
36:51 Elite War Elephant
37:52 Conscription
38:44 Blast Furnace
38:19 Plate Barding Armor
38:47 Crop Rotation
39:30 Two-Man Saw
39:25 Cavalier
40:06 Husbandry
40:17 Bloodlines
Pendergast
0:34 Loom
13:20 Feudal Age
17:25 Castle Age
15:24 Horse Collar
15:34 Double-Bit Axe
15:59 Horse Collar
18:58 Bow Saw
22:14 Heavy Plow
23:37 Medium Warships
28:17 Fletching
28:33 Scale Barding Armor
28:55 Bodkin Arrow
29:38 Wheelbarrow
28:49 Town Watch
29:27 Gold Mining
30:37 Hand Cart
33:55 Imperial Age
31:59 Husbandry
32:10 Bloodlines
31:22 Light Cavalry
33:36 Chain Barding Armor
35:04 Conscription
34:07 Hussar
36:09 Chemistry
35:20 Masonry
35:42 Bracer
36:18 Plate Barding Armor
36:07 Elite Mameluke
37:39 Forging
38:49 Town Patrol
Connection lost

Rejoining the realm…

Still unreachable

The connection could not be restored.

Session expired

The server has moved on; the page needs a fresh start.